 Dungeon Crawl Stone Soup version 0.32-a0-20-ge526923d97 (console) character file.

Game seed: 12891290298369670124

1603 Zeia the Scholar of Death (level 8, -2/60 HPs)
             Began as a Demonspawn Necromancer on Jan 12, 2024.
             Was a Follower of Kikubaaqudgha.
             Succumbed to a gnoll sergeant's poison
             ... on level 6 of the Dungeon on Jan 17, 2024.
             The game lasted 01:03:17 (7001 turns).

Zeia the Scholar of Death (Demonspawn Necromancer)  Turns: 7001, Time: 01:03:17

Health: -2/60      AC: 11    Str:  8    XL:     8   Next: 62%
Magic:  15/15      EV: 15    Int: 17    God:    Kikubaaqudgha [*.....]
Gold:   75         SH:  5    Dex: 20    Spells: 10/17 levels left

rFire   . . .        n - +4 falchion (elec)
rCold   . . .        t - +0 buckler
rNeg    . . .        l - +0 ring mail
rPois   .            w - +2 hat
rElec   +            f - +1 cloak of the Northern Lights {rElec rCorr Int-2 Dex+7}
rCorr   +            (no gloves)
SInv    .            k - +0 pair of boots
Will    .....        (no amulet)
Stlth   ++           (no ring)
HPRegen 0.30/turn    (no ring)
MPRegen 0.28/turn

%: no passive effects
@: mighty, agile, lethally poisoned (-2 -> -16)
A: hooves 2, powered by pain 1, magic regeneration, demonic touch 2
a: Renounce Religion, Unearth Wretches


You were on level 6 of the Dungeon.
You worshipped Kikubaaqudgha.
Kikubaaqudgha was aware of your devotion.
You visited 2 branches of the dungeon, and saw 7 of its levels.

You collected 235 gold pieces.
You spent 160 gold pieces at shops.

Inventory:

Hand Weapons
 n - a +4 falchion of electrocution (weapon)
 p - a +3 halberd of flaming
Armour
 f - the +1 cloak of the Northern Lights (worn) {rElec rCorr Int-2 Dex+7}
   (You found it on level 3 of the Dungeon)

   Int-2:     It affects your intelligence (-2).
   Dex+7:     It affects your dexterity (+7).
   rElec:     It insulates you from electricity.
   rCorr:     It protects you from acid and corrosion.
 k - a +0 pair of boots (worn)
 l - a +0 ring mail (worn)
 t - a +0 buckler (worn)
 w - a +2 hat (worn)
Jewellery
 u - an amulet of faith
 x - an amulet of guardian spirit
Scrolls
 b - 3 scrolls of identify
 c - 3 scrolls of teleportation
 e - 2 scrolls of enchant armour
 g - 3 scrolls of revelation {unknown}
 q - a scroll of fear {unknown}
 z - a scroll of amnesia {unknown}
Potions
 h - a potion of mutation {unknown}
 m - a potion of degeneration {unknown}
 r - a potion of brilliance {unknown}
 s - a potion of heal wounds {unknown}
 v - a potion of magic
 A - a potion of curing {unknown}


   Skills:
 + Level 4.2 Fighting
 + Level 3.9 Long Blades
 - Level 4.1 Armour
 - Level 2.0 Dodging
 - Level 2.0 Stealth
 - Level 5.0 Spellcasting
 - Level 7.2 Necromancy


You had 10 spell levels left.
You knew the following spells:

 Your Spells              Type           Power      Damage    Failure   Level
a - Necrotise             Necr           100%       1d9       3%          1
b - Sublimation of Blood  Necr           28%        N/A       5%          2
c - Animate Dead          Necr           28%        N/A       34%         4

Your spell library contained the following spells:

 Spells                   Type           Power      Damage    Failure   Level
 Vampiric Draining        Necr           28%        2d8       11%         3
 Kiss of Death            Conj/Necr      64%        2d10      16%         1
 Curse of Agony           Necr           28%        N/A       67%         5
 Call Imp                 Summ           8%         N/A       69%         2
 Martyr's Knell           Necr/Summ      16%        N/A       83%         4
 Sticky Flame             Fire/Alch      4%         2d4       100%        4
 Vhi's Electric Charge    Tloc/Air       8%         N/A       100%        4
 Alistair's Intoxication  Alch           2%         N/A       100%        5
 Eringya's Noxious Bog    Alch           2%         4d6       100%        6
 Malign Gateway           Summ/Tloc      2%         N/A       100%        7
 Summon Hydra             Summ           2%         N/A       100%        7
 Summon Horrible Things   Summ           2%         N/A       100%        8


Dungeon Overview and Level Annotations

Branches:
Dungeon (6/15)             Temple (1/1) D:4

Altars:
Ashenzari
Cheibriados
Dithmenos
Fedhas
Gozag
Hepliaklqana
Kikubaaqudgha
Makhleb
Nemelex Xobeh
Okawaru
Qazlal
Ru
Sif Muna
Trog
Uskayaw
Yredelemnul

Shops:
D:2 [   D:4 =   D:5 [[?   D:6 :

Annotations:
D:2 exclusion: downstairs
D:3 exclusion: downstairs
D:4 Menkaure


Innate Abilities, Weirdness & Mutations

You have hoof-like feet.
You sometimes gain a little power by taking damage.
You regenerate magic rapidly.
Your touch may inflict irresistible damage on your foes.


Message History

The puff of frost hits you.
Aiming: Necrotise (safe; 3% risk of failure)
Press: ? - help, Q - select action, (/) - cycle Shift-Dir - straight line, f - white imp
Aim: a white imp (not susceptible)
Okay, then.
The white imp gestures at you. The puff of frost hits you.
You hit the white imp.
The white imp is moderately wounded.
The white imp misses you.
The gnoll sergeant hits you from afar with a +2 trident of venom.
You are poisoned.
You hit the white imp.
The white imp is severely wounded.
You feel very sick. The white imp misses you.
You block the gnoll sergeant's attack.
You slash the white imp!
Lightning courses through the white imp!!
You kill the white imp!
Kikubaaqudgha accepts your kill.
You feel very sick.
The gnoll sergeant hits you from afar with a +2 trident of venom!
* * * LOW HITPOINT WARNING * * *
You focus on the pain.
You feel more agile all of a sudden.
You are lethally poisoned!
Okay, then.
Blink to where?
Press: ? - help, Dir - move target
As you read the scroll of blinking, it crumbles to dust.
* * * LOW HITPOINT WARNING * * *
You feel extremely sick.
* * * LOW HITPOINT WARNING * * *
You feel very sick.
* * * LOW HITPOINT WARNING * * *
You feel very sick.
It was a potion of might.
You feel very mighty all of a sudden.
You die...
Kikubaaqudgha rasps: "You have failed me!
Welcome... death!"

#.##...##.#
#.#.....#.#
#.#.##..#ยง#
#.#.##....#
#.#.##.#..########.
###.#.##.#......)5gg.
#......#.g.....####
#........g.###.#
#..........# ...
#.........## .....
#.#..@.....# ######
#.#.######..... #.#.#
..... #.#.# .....
#.#.# ...##
#####.#.#####....#
#................
#.###.#..####....
###.###.#..# .
#.......#..# #.#
#.......#..# #.#


You could see a gnoll sergeant and a gnoll.

Vanquished Creatures
  Eustachio (D:4)
  Duvessa (D:4)
  2 ogres
  Blork the orc (D:4)
  2 bullfrogs (D:6)
  A gnoll sergeant (D:4)
  4 scorpions (D:5)
  Dowan (D:4)
  A sleepcap (D:6)
  2 hounds
  3 jellies
  An orc priest (D:6)
  3 iguanas (D:5)
  2 orc wizards (D:3)
  Robin (D:3)
  9 gnolls
  8 adders
  2 white imps
  2 ufetubi (D:6)
  2 dart slugs
  21 orcs
  3 ball pythons
  9 endoplasms
  4 giant cockroaches
  15 goblins
  12 hobgoblins
  2 jackals (D:2)
  3 quokkas
  7 bats
  2 frilled lizards
  3 kobolds
  6 rats
136 creatures vanquished.

Vanquished Creatures (collateral kills)
  An endoplasm (D:4)
  A goblin (D:1)
2 creatures vanquished.

Grand Total: 138 creatures vanquished

Notes
Turn   | Place    | Note
-------+----------+-------------------------------------------
     0 | D:1      | Zeia the Demonspawn Necromancer began the quest for the
                  | Orb.
     0 | D:1      | Reached XP level 1. HP: 13/13 MP: 3/3
   208 | D:1      | Discovered your monstrous ancestry.
   208 | D:1      | Gained mutation: You have large cloven feet. [demonic
                  | ancestry]
   208 | D:1      | Reached XP level 2. HP: 15/19 MP: 0/5
   333 | D:1      | Upgraded the game from 0.31-a0-1626-g5cb510d322 to
                  | 0.32-a0-20-ge526923d97
   748 | D:1      | Gained mutation: Your touch may inflict minor irresistible
                  | damage on your foes. [demonic ancestry]
   748 | D:1      | Reached XP level 3. HP: 24/24 MP: 5/7
  1135 | D:2      | Reached skill level 1 in Fighting
  1355 | D:2      | Got the Directory of the Sixfirhy and the Crucible
  1759 | D:2      | Found Sikur's Armour Shoppe.
  1882 | D:2      | Gained mutation: You have hoof-like feet. [demonic
                  | ancestry]
  1882 | D:2      | Reached XP level 4. HP: 30/33 MP: 1/8
  2520 | D:2      | Learned a level 2 spell: Sublimation of Blood
  2537 | D:3      | Noticed Robin
  2603 | D:3      | Identified the +1 cloak of the Northern Lights {rElec rCorr
                  | Int-2 Dex+7}
  3062 | D:3      | Reached skill level 1 in Armour
  3135 | D:3      | Killed Robin
  3136 | D:3      | Gained mutation: You regenerate magic rapidly. [demonic
                  | ancestry]
  3136 | D:3      | Reached XP level 5. HP: 39/41 MP: 3/9
  3662 | D:3      | Reached skill level 5 in Necromancy
  3700 | D:3      | Found a blossoming altar of Fedhas.
  3944 | D:4      | Noticed Menkaure
  4021 | D:4      | Noticed an ogre
  4026 | D:4      | Killed an ogre
  4027 | D:4      | Gained mutation: You sometimes gain a little power by
                  | taking damage. [demonic ancestry]
  4027 | D:4      | Reached XP level 6. HP: 23/47 MP: 6/11
  4138 | D:4      | Found a staircase to the Ecumenical Temple.
  4146 | D:4      | Reached skill level 6 in Necromancy
  4149 | D:4      | Noticed Eustachio
  4152 | Temple   | Entered the Ecumenical Temple
  4538 | D:4      | Killed Eustachio
  4539 | D:4      | Reached skill level 7 in Necromancy
  4562 | D:4      | Noticed Blork the orc
  4573 | D:4      | Killed Blork the orc
  4574 | D:4      | Reached skill level 1 in Long Blades
  4574 | D:4      | Reached XP level 7. HP: 52/52 MP: 7/12
  4639 | D:4      | Found Imuptis's Jewellery Boutique.
  4820 | D:4      | Noticed Duvessa
  4821 | D:4      | Noticed Dowan
  4830 | D:4      | Killed Duvessa
  4839 | D:4      | Killed Dowan
  4932 | D:4      | Learned a level 4 spell: Animate Dead
  5075 | D:5      | Entered Level 5 of the Dungeon
  5084 | D:5      | Found Cuaschaocs's Antique Armour Boutique.
  5185 | D:2      | Bought a +2 hat for 160 gold pieces
  5313 | D:5      | Found a hide-covered altar of Uskayaw.
  5325 | D:5      | Found an ancient bone altar of Kikubaaqudgha.
  5335 | D:5      | Became a worshipper of Kikubaaqudgha
  5497 | D:5      | Found The Oracle's Delphic Readings.
  5521 | D:5      | Gained mutation: Your touch may inflict irresistible damage
                  | on your foes. [demonic ancestry]
  5521 | D:5      | Reached XP level 8. HP: 56/58 MP: 6/13
  5717 | D:5      | Found Uppecw's Antique Armour Shoppe.
  6343 | D:6      | Found Kollis's Vocational Training.
  6874 | D:6      | Reached skill level 5 in Spellcasting
  6974 | D:6      | Reached * piety under Kikubaaqudgha
  6974 | D:6      | Received a gift from Kikubaaqudgha
  7000 | D:6      | HP: 2/60 [poisoned by a gnoll sergeant]
  7001 | D:6      | Succumbed to a gnoll sergeant's poison

Illustrated notes

Levels and vault maps discovered:
D:1:      lightli_arrival_chessboard, layout_loops_cross, minmay_close_crescents
D:2:      layout_basic, serial_shops, nicolae_shop_peninsula
D:3:      layout_loops_ring, mainiacjoe_overflow_concentric_impassable,
          uniq_robin
D:4:      layout_basic, minmay_temple_entry_stoned_glass, serial_shops,
          nicolae_shop_tiny_waterfront, uniq_blork_the_orc, uniq_menkaure,
          uniq_duvessa, uniq_eustachio
D:5:      layout_cave_pods, jmf_multi_god_temple2, serial_shops,
          nicolae_stop_n_shop_1, shop, nicolae_nh_oracle_at_delphi
D:6:      layout_basic, nicolae_overflow_hidden_temple, nicolae_shop_vocational
Temple:   minmay_temple_bridge_d

Skill      XL: |  1  2  3  4  5  6  7  8 |
---------------+-------------------------+-----
Stealth        | 2 |  2.0
Dodging        | 2 |  2.0
Spellcasting   | 3 5 |  5.0
Fighting       | 2 3 4 |  4.2
Armour         | 1 3 4 |  4.1
Necromancy     | 5 7 |  7.2
Long Blades    | 1 3 |  3.9

Action                     |  1- 3 |  4- 6 |  7- 9 || total
---------------------------+-------+-------+-------++-------
  Melee: Dagger            |       |     7 |       ||     7
         Touch             |       |     3 |     2 ||     5
         Falchion          |       |     1 |    41 ||    42
   Cast: Necrotise         |    85 |   134 |   129 ||   348
    Use: Scroll            |     1 |     3 |     1 ||     5
         Potion            |     1 |       |     1 ||     2
   Stab: Sleeping          |       |     1 |     1 ||     2
 Armour: Robe              |    16 |    48 |    14 ||    78
         Ring mail         |       |       |    56 ||    56
  Dodge: Dodged            |    29 |    37 |    55 ||   121
  Block: Buckler           |       |       |    12 ||    12

Table legend: (Time is in decaauts)
 A = Elapsed time spent in this place.
 B = Non-inter-level travel time spent in this place.
 C = Inter-level travel time spent in this place.
 D = Time resting spent in this place.
 E = Time spent auto-exploring this place.
 F = Levels seen in this place.
 G = Mean time per level.
                   A        B        C        D        E       F      G
               +--------+--------+--------+--------+--------+-----+--------+
         Total |   7021 |   6477 |    544 |   1471 |   3461 |   7 | 1003.0 |
       Dungeon |   6653 |   6181 |    472 |   1315 |   3460 |   6 | 1108.8 |
        Temple |    367 |    295 |     72 |    156 |      1 |   1 |  367.0 |
               +--------+--------+--------+--------+--------+-----+--------+

Top non-repeatable levels by time:
     D:2: 1729 daAuts
     D:3: 1398 daAuts
     D:1: 1079 daAuts
     D:5: 1015 daAuts
     D:6: 743 daAuts
     D:4: 687 daAuts
  Temple: 367 daAuts
